Cogmind - Beta 15 @@@ ROGUE MODE // 2025.10.08 @ 21:06:31 Player: microsand Result: Destroyed by G-50 Soldier with Heavy Laser Performance ------------- Evolutions (2) 1000 Regions Visited (4) 800 Robots Destroyed (82) 410 Value Destroyed (1846) 1846 Prototype IDs (2) 40 Alien Tech Used (0) 0 Bonus (33) 33 TOTAL SCORE: 4129 Bonus ------- Follower Combat Kills 33 Cogmind --------- Core Integrity 0/550 Matter 285/300 Energy 100/100 System Corruption 0% Temperature Cool (9) Movement Core (50) Location -8/Materials Parts ------- > --- POWER (1) -------- (None) > --- PROPULSION (2) --- (None) > --- UTILITY (5) ------ Improved Targeting Computer > --- WEAPON (3) ------- (None) > --- INVENTORY (5) ---- Improved Ion Engine Improved Ion Engine Light Nuclear Core Carbon-fiber Leg Peak State ------------ > --- POWER ------------ Light Nuclear Core > --- PROPULSION ------- Improved Carbon-fiber Leg Improved Carbon-fiber Leg > --- UTILITY ---------- Signal Interpreter Improved Targeting Computer Heavy Armor Plating Hacking Suite > --- WEAPON ----------- Particle Gun Heavy Assault Rifle Plasma Cutter > --- INVENTORY -------- Improved Ion Engine Improved Ion Engine Reaction Control System Plasma Cutter [Rating: 29] Favorites ----------- Power Improved Ion Engine Engine Improved Ion Engine Power Core Light Nuclear Core Propulsion Light Treads Treads Light Treads Leg Aluminum Leg Flight Unit Flight Unit Utility Hacking Suite Device Shield Generator Storage Small Storage Unit Processor Signal Interpreter Hackware Hacking Suite Protection Heavy Armor Plating Weapon Heavy Assault Rifle Energy Gun Particle Gun Energy Cannon Beam Cannon Ballistic Gun Heavy Assault Rifle Ballistic Cannon Battle Cannon Launcher Rocket Launcher Special Weapon Plasma Cutter Build | -11 -10 -10 -9 -8 ------- Run | Yrd Mat Min Mat Mat Slots Evolved 4 | . . . 2 2 Power . | . . . . . Propulsion . | . . . . . Utility 3 | . . . 2 1 Weapon 1 | . . . . 1 Parts Attached 45 | 7 4 9 12 13 Power 6 | 1 . 2 2 1 Engine 4 | 1 . 1 2 . Core 2 | . . 1 . 1 Reactor . | . . . . . Propulsion 12 | 2 2 2 2 4 Treads 5 | . . 2 2 1 Leg 5 | 2 . . . 3 Wheel . | . . . . . Hover . | . . . . . Flight 2 | . 2 . . . Utility 11 | 2 . 2 5 2 Device 4 | 1 . . 2 1 Storage 1 | 1 . . . . Processor 3 | . . 1 2 . Hackware 1 | . . 1 . . Protection 2 | . . . 1 1 Artifact . | . . . . . Weapon 16 | 2 2 3 3 6 Energy Gun 3 | . . . 1 2 Energy Cannon 1 | . 1 . . . Ballistic Gun 6 | 2 . . 2 2 Ballistic Cannon 2 | . . 2 . . Launcher 1 | . . 1 . . Special Weapon 3 | . 1 . . 2 Impact Weapon . | . . . . . Slashing Weapon . | . . . . . Piercing Weapon . | . . . . . Special Melee Weapon . | . . . . . Unidentified Prototypes . | . . . . . Parts Lost 27 | . 4 . 6 17 Power 3 | . 1 . 1 1 Propulsion 6 | . 1 . 3 2 Utility 7 | . 1 . 1 5 Weapon 11 | . 1 . 1 9 Highest Loss Streak 6 | . 3 . 2 6 To Critical Strikes . | . . . . . Average Backups 4 | . 4 4 4 4 Power . | . . . . 1 Propulsion . | . . . . . Utility . | . 1 1 . . Weapon 2 | . 2 3 3 1 Tool/Special . | . . . . . Unused Backups 5 | . . 1 2 2 Power 1 | . . . . 1 Propulsion . | . . . . . Utility . | . . . . . Weapon 4 | . . 1 2 1 Tool/Special . | . . . . . Average Slot Usage (%) 83 | . 93 70 93 72 Engine 6 | . 12 1 6 5 Core 2 | . . 1 4 2 Treads 13 | . . 23 18 6 Leg 7 | . 25 . . 7 Device 6 | . 11 . 9 4 Storage 2 | . 13 . . . Processor 13 | . . 9 21 17 Hackware 6 | . . 4 11 6 Energy Gun 1 | . . . 1 7 Energy Cannon 2 | . 13 . . . Ballistic Gun 9 | . 13 . 13 9 Ballistic Cannon 7 | . . 22 7 . Launcher 1 | . . 4 . . Peak Build Rating 29 | 7 7 13 19 29 Average Rating 12 | 6 6 7 15 19 On Entrance 7 | . 7 4 13 15 Naked Turns . | . . . . . Heaviest Build 27 | 13 14 11 15 27 Greatest Support 42 | 20 20 40 40 42 Greatest Overweight (x) 2 | . 2 . . 1 Average Overweight (x) . | . . . . . Largest Inventory Capacity 8 | 8 8 5 5 5 Average Capacity 5 | 7 7 5 5 5 Most Carried 7 | 4 7 5 5 5 Average Carried 4 | . 4 4 4 4 Final Capacity 8 | 8 5 5 5 5 Final Carried 5 | 1 5 5 5 4 Class Distribution -------------------- 50% | Mutant 41% | Scavenger-Mutant 7% | Scavenger-Gunner Dominant Class ---------------- Mutant | -10/Materials Mutant | -10/Mines Scavenger-Mutant | -9/Materials Scavenger-Gunner | -8/Materials Resources | -11 -10 -10 -9 -8 ----------- Run | Yrd Mat Min Mat Mat Matter Collected 1743 | 396 186 256 600 305 Remotely . | . . . . . Salvage Created 2425 | 221 208 285 945 766 Parts 181 | 23 27 14 68 49 Haulers Intercepted 1 | . . . 1 . Recyclers Shooed 3 | . . 1 . 2 Parts Field Recycled . | . . . . . Retrieved Matter . | . . . . . Parts Self-Destructed . | . . . . . Prevented . | . . . . . Kills | -11 -10 -10 -9 -8 ------- Run | Yrd Mat Min Mat Mat Combat Hostiles Destroyed 58 | . 10 4 26 18 Guns 36 | . 3 . 19 14 Cannons 16 | . 7 2 7 . AOE 6 | . . 2 . 4 Classes Destroyed 13 | 3 5 1 2 2 Worker 5 | 3 . . 1 1 Builder 2 | . 1 1 . . Tunneler 6 | 5 . . 1 . Hauler 1 | . . . 1 . Recycler 5 | 1 . 3 . 1 Operator 1 | . 1 . . . Watcher 4 | . 1 . 3 . Swarmer 26 | . 9 . 10 7 Grunt 19 | . 1 2 10 6 Brawler 1 | . . . 1 . Sentry 9 | . . 2 5 2 Specialist 2 | . . . . 2 Hunter 1 | . . . . 1 Best Kill Streak 7 | 3 3 2 4 7 Combat Bots Only 7 | . 2 2 4 7 Max Kills in Single Turn 3 | 1 1 2 2 3 Gunslinging 1 | . . . 1 1 Exploded 3 | . . 1 . 3 Melee . | . . . . . Uniques/NPCs Destroyed . | . . . . . Combat | -11 -10 -10 -9 -8 -------- Run | Yrd Mat Min Mat Mat Hostile Shots Fired 428 | . 103 14 129 182 Missed 145 | . 44 1 32 68 Hits 283 | . 59 13 97 114 Melee 1 | . . . 1 . Projectile 282 | . 59 13 96 114 Critical Strikes 8 | . 1 1 1 5 Damage Taken 3270 | . 497 213 816 1744 Core 814 | . 49 67 142 556 Absorbed by Shields 358 | . . . 229 129 Core Remaining (%) 72 | 100 . 53 64 . Volleys Fired 212 | 21 44 18 68 61 Largest 3 | 2 2 2 2 3 Hottest 121 | 40 100 63 98 121 Shots Fired 413 | 42 80 36 135 120 Gun 290 | 42 36 2 96 114 Cannon 112 | . 42 31 39 . Launcher 6 | . . 3 . 3 Special 5 | . 2 . . 3 Kinetic 305 | 42 36 33 134 60 Thermal 76 | . 44 . 1 31 Explosive 6 | . . 3 . 3 Electromagnetic 26 | . . . . 26 Robot Hit Streak 13 | 4 4 9 13 10 Robot Miss Streak 8 | 3 4 3 3 8 Penetration Max . | . . . . . Secondary Targets 2 | . . . 1 1 Max Gunslinging Chain 1 | . . . 1 1 Shots Hit Robots 234 | 24 36 22 84 68 Core Hits 112 | 10 16 11 40 35 Critical Kills 2 | . . . 1 1 Critical Parts Destroyed . | . . . . . Critical Strikes 4 | . . 1 2 1 Destroy 2 | . . . 1 1 Blast 2 | . . 1 1 . Melee Attacks . | . . . . . Impact . | . . . . . Slashing . | . . . . . Piercing . | . . . . . Sneak Attacks . | . . . . . Combat Hostiles . | . . . . . Follow-up Attacks . | . . . . . Damage Inflicted 4059 | 293 500 479 1430 1357 Guns 2586 | 293 200 25 984 1084 Cannons 1137 | . 300 402 435 . Explosions 312 | . . 48 . 264 Melee . | . . . . . Ramming 24 | . . 4 11 9 Kinetic 2850 | 293 200 427 1403 527 Thermal 590 | . 300 . 16 274 Explosive 263 | . . 48 . 215 Electromagnetic 332 | . . . . 332 Impact . | . . . . . Slashing . | . . . . . Piercing . | . . . . . Highest Corruption 2 | . . . 2 . Average Corruption 2 | . . . 2 . Corruption Purged . | . . . . . Corruption Blocked . | . . . . . Effects 13 | . . . 13 . Message Errors 4 | . . . 4 . Matter Fused 1 | . . . 1 . Heat Flow Errors 2 | . . . 2 . Energy Discharges 1 | . . . 1 . Data Loss (minor) 4 | . . . 4 . Data Loss (major) 1 | . . . 1 . Overload Shots . | . . . . . Overflow Damage 31 | . . 25 6 . Projectiles 31 | . . 25 6 . Explosions . | . . . . . Melee . | . . . . . Knockbacks 11 | . . 4 7 . Impact . | . . . . . Kinetic 11 | . . 4 7 . Secondary . | . . . . . Self-Inflicted Damage 44 | . . 44 . . Shots 2 | . . 2 . . Rammed 8 | . . 2 2 4 Targets Rammed 9 | . . 2 2 5 Kicked 1 | . . . . 1 Crushed . | . . . . . Highest Temperature 241 | . 162 25 241 144 Average Temperature 39 | . 37 14 59 39 Received Heat Transfer 666 | . 24 105 248 289 Siege Activations . | . . . . . Martial Activations . | . . . . . Shielding Activations . | . . . . . Robots Disrupted . | . . . . . Combat Hostiles . | . . . . . Robots Corrupted . | . . . . . Combat Hostiles . | . . . . . Parts Fried . | . . . . . Impact Corruptions . | . . . . . Robots Melted . | . . . . . Combat Hostiles . | . . . . . Parts Melted 1 | . . . . 1 Heat Transferred 1234 | . 629 . 37 568 Parts Sabotaged . | . . . . . Parts Stolen . | . . . . . Parts Stripped . | . . . . . Power Chain Reactions 1 | . . . . 1 Alert | -11 -10 -10 -9 -8 ------- Run | Yrd Mat Min Mat Mat Maximum Alert Level 1 | . . . 1 . Low Security (%) 98 | 100 100 100 96 100 Level 1 1 | . . . 3 . Level 2 . | . . . . . Level 3 . | . . . . . Level 4 . | . . . . . Level 5 . | . . . . . High Security . | . . . . . Max Security . | . . . . . Peak Influence 243 | 10 158 110 243 189 Initial 69 | . . 54 . 69 Average 59 | 1 38 18 84 108 Influence Increases 2075 | 45 416 152 790 672 Destroy 0b10 Robot/C 1180 | . 200 80 540 360 Destroy 0b10 Robot/NC 120 | 45 15 20 30 10 Destroy Leader 260 | . 32 10 138 80 Allied During Kill 16 | . . 14 2 . Successful Hack 15 | . . . . 15 Disable Machine 90 | . 30 . 60 . Destroy Structure 64 | . 4 28 5 27 Partial Spotted 15 | . 15 . . . Lose Combat Pursuer 315 | . 120 . 15 180 Influence Decreases 2003 | 45 276 292 625 765 Entered New Map 182 | . . 86 . 96 Time Decay 1268 | 45 236 206 413 368 Lost Part 243 | . 40 . 42 161 Lost Ally 20 | . . . 20 . Purge Threat 290 | . . . 150 140 Squads Dispatched 8 | . . . 3 5 Investigation 1 | . . . 1 . Extermination . | . . . . . Reinforcement 7 | . . . 2 5 Assault . | . . . . . Garrison . | . . . . . Intercept . | . . . . . Searches Triggered . | . . . . . Construction Impeded 1 | . . . . 1 Haulers Reinforced . | . . . . . Active Scanning Responses . | . . . . . Cargo Convoy Interrupts . | . . . . . Stealth | -11 -10 -10 -9 -8 --------- Run | Yrd Mat Min Mat Mat Distress Signals 5 | . 1 . 2 2 Communications Jammed . | . . . . . Distress Signals . | . . . . . Times Spotted 117 | . 27 3 36 51 Peak Tracking Total 14 | . 6 2 5 14 Tactical Retreats 13 | . 5 . 1 7 Traps | -11 -10 -10 -9 -8 ------- Run | Yrd Mat Min Mat Mat Traps Triggered 4 | . 1 . 1 2 Indirectly . | . . . . . Trap Hack Attempts . | . . . . . Triggered . | . . . . . Disarmed . | . . . . . Reprogrammed . | . . . . . Reused . | . . . . . Traps Extracted . | . . . . . Installed . | . . . . . Triggered . | . . . . . Machines | -11 -10 -10 -9 -8 ---------- Run | Yrd Mat Min Mat Mat Machines Disabled 8 | . 2 2 4 . Max in Single Turn 1 | . 1 1 1 . Machines Repaired . | . . . . . Machines Dismantled . | . . . . . Machines Sabotaged . | . . . . . Overloaded Fab Kills . | . . . . . Hacking | -11 -10 -10 -9 -8 --------- Run | Yrd Mat Min Mat Mat Machines Accessed 6 | . 1 . 3 2 Terminals 6 | . 1 . 3 2 Fabricators . | . . . . . Repair Stations . | . . . . . Recycling Units . | . . . . . Scanalyzers . | . . . . . Garrison Access . | . . . . . Total Hacks 23 | . 2 . 9 12 Successful 10 | . . . 4 6 Failed 13 | . 2 . 5 6 Catastrophic 1 | . . . 1 . Database Lockouts . | . . . . . Manual 23 | . 2 . 9 12 Terminals 23 | . 2 . 9 12 Fabricators . | . . . . . Repair Stations . | . . . . . Recycling Units . | . . . . . Scanalyzers . | . . . . . Garrison Access . | . . . . . Terminal Hacks 6 | . . . 2 4 Prototype ID Bank 1 | . . . . 1 Branch Access Points 2 | . . . 1 1 Terminal Index 1 | . . . . 1 Unreport Threat 2 | . . . 1 1 Fabricator Hacks . | . . . . . Repair Station Hacks . | . . . . . Recycling Unit Hacks . | . . . . . Scanalyzer . | . . . . . Garrison Access Hacks . | . . . . . Unauthorized Hacks 4 | . . . 2 2 Terminals 4 | . . . 2 2 Botnet 4 | . . . 2 2 Fabricators . | . . . . . Repair Stations . | . . . . . Recycling Units . | . . . . . Scanalyzers . | . . . . . Garrison Access . | . . . . . Data Cores Recovered 1 | . 1 . . . Used . | . . . . . Hacking Detections 5 | . 1 . 3 1 Full Trace Events . | . . . . . Feedback Events . | . . . . . Feedback Blocked . | . . . . . Robot Schematics Acquired . | . . . . . Robots Built . | . . . . . Authchips . | . . . . . Time . | . . . . . Total Robot Build Rating . | . . . . . Part Schematics Acquired . | . . . . . Parts Built . | . . . . . Authchips . | . . . . . Time . | . . . . . Total Part Build Rating . | . . . . . Parts Repaired . | . . . . . Time . | . . . . . Parts Recycled . | . . . . . Recycled Matter . | . . . . . Retrieved Matter . | . . . . . Retrieved Components . | . . . . . Parts Scanalyzed . | . . . . . Part Schematics Acquired . | . . . . . Parts Damaged . | . . . . . Bothacking | -11 -10 -10 -9 -8 ------------ Run | Yrd Mat Min Mat Mat Used RIF Installer . | . . . . . Robots Hacked . | . . . . . Non-combat . | . . . . . Combat . | . . . . . Robot Hacks Applied . | . . . . . Relay Couplers Released . | . . . . . Fabnet Peak Effective % . | . . . . . Robots Rewired . | . . . . . Allies Hacked . | . . . . . Hacks Repelled . | . . . . . Allies | -11 -10 -10 -9 -8 -------- Run | Yrd Mat Min Mat Mat Total Allies 3 | . . 3 . . Largest Group 3 | . . 3 3 . Highest-Rated Group 40 | . . 40 40 . Highest-Rated Ally 16 | . . 16 16 . Total Orders 2 | . . . 2 . STAY 1 | . . . 1 . FOLLOW 1 | . . . 1 . Ally Attacks 12 | . . 1 11 . Total Damage 161 | . . 13 148 . Kills 1 | . . . 1 . Allies Corrupted . | . . . . . Allies Melted . | . . . . . Intel | -11 -10 -10 -9 -8 ------- Run | Yrd Mat Min Mat Mat Active Infowar (turns) 1174 | 271 715 . 188 . Terrain 188 | . . . 188 . Seismic 986 | 271 715 . . . Robot Analysis Total . | . . . . . Derelict Logs Recovered . | . . . . . Drone Launches . | . . . . . Drone Recoveries . | . . . . . Exploration | -11 -10 -10 -9 -8 ------------- Run | Yrd Mat Min Mat Mat Turns Passed 4466 | 389 872 915 1438 852 Spaces Moved 2619 | 265 559 561 678 556 Core 191 | 12 . . . 179 Treads 1314 | . . 497 678 139 Legs 963 | 253 472 . . 238 Wheels . | . . . . . Hover . | . . . . . Flight 151 | . 87 64 . . Fastest Speed 37 | 50 37 37 160 50 Average Speed 131 | 116 110 145 160 108 Slowest Speed 210 | 120 210 160 160 190 Overloaded Moves . | . . . . . Propulsion Burnouts . | . . . . . Robots Hopped 1 | . 1 . . . Potential Cave-ins . | . . . . . Cave-ins Triggered . | . . . . . Exploration Rate (%) 53 | 11 63 82 56 54 Regions Visited 4 Branch Regions 1 Pre-discovered Areas . | . . . . . Known Exits Taken 1 | . . . 1 . Unknown Exits Taken 3 | 1 1 1 . . Scrap Searched 1 | . . 1 . . Spaces Dug 4 | . 2 . . 2 Terrain Destroyed 66 | . 2 31 2 31 Melee . | . . . . . Projectile 8 | . 2 2 2 2 AOE 58 | . . 29 . 29 Terrain Rammed . | . . . . . Walls Destroyed . | . . . . . Machines Disabled . | . . . . . Actions | -11 -10 -10 -9 -8 --------- Run | Yrd Mat Min Mat Mat Total 3233 | 302 724 622 897 688 Wait 261 | 2 105 16 117 21 Move 2613 | 264 556 560 677 556 Hop 1 | . 1 . . . Pick Up 56 | 8 8 10 13 17 Fast Attach . | . . . . . Attach 39 | 7 4 5 9 14 Detach 2 | . . . . 2 Swap 18 | . 5 4 5 4 Drop 22 | . 1 7 6 8 Fire 212 | 21 44 18 68 61 Melee . | . . . . . Ram 1 | . . . . 1 Kick 1 | . . . . 1 Crush 7 | . . 2 2 3 Escape Stasis . | . . . . . Rewire . | . . . . . Trap . | . . . . . Miscellaneous . | . . . . . Route ------- -11/Scrapyard -10/Materials (discovered 3 exits: *Mat x2 / [*Min]) -10/Mines -9/Materials (discovered 3 exits: *Mat / *Min x2) -8/Materials (discovered 1 exit: Sto) History --------- Turn | Location | Event 25 | -11/Scrapyard | Discovered new exit (range 15) 390 | -11/Scrapyard | Entered Materials 391 | -10/Materials | Build established: Mutant 561 | -10/Materials | Discovered new exit (range 9) 782 | -10/Materials | Discovered new exit (range 7) 851 | -10/Materials | Discovered new exit (range 7) 1209 | -10/Materials | Lost 3 parts (1p1n1w) 1262 | -10/Materials | Entered Mines 1269 | -10/Mines | Received a Rocket Launcher from a helpful Derelict 1282 | -10/Mines | Assisted by bots powering up and referring to "LRC-V3" 1469 | -10/Mines | A weapon hastily lodged in a ceiling crevice suddenly fell to the ground 2168 | -10/Mines | Discovered new exit (range 6) 2177 | -10/Mines | Entered Materials 2177 | -9/Materials | Accompanied by 3 allies 2177 | -9/Materials | Evolved 2 slots: Utility x2 2359 | -9/Materials | Build established: Scavenger-Mutant 2442 | -9/Materials | Lost 3 allies 2737 | -9/Materials | Discovered new exit (range 5) 3023 | -9/Materials | Identified exit to Mines 3175 | -9/Materials | Discovered new exit (range 7) 3185 | -9/Materials | Identified exit to Materials 3615 | -9/Materials | Entered another Materials area 3615 | -8/Materials | Evolved 2 slots: Utility x1, Weapon x1 3822 | -8/Materials | Identified exit to Storage 3885 | -8/Materials | Destroyed 7 combat bots 4302 | -8/Materials | Lost 3 parts (1n1u1w) 4398 | -8/Materials | Lost 6 parts (1p1n2u2w) 4406 | -8/Materials | Core integrity fell below 50% 4446 | -8/Materials | Core integrity fell below 20% 4457 | -8/Materials | Lost 3 parts (1u2w) 4467 | -8/Materials | Destroyed by G-50 Soldier with Heavy Laser Last Messages --------------- 04367_ Penetrated by Slug. 04369_ Slug penetrates K-01 Serf. 04369_ K-01 Serf destroyed. 04370_ Penetrated by Slug. 04376_ Critical hit (Burn: +37). 04396_ O-16 Technician: "IFF HANDSHAKE FAILED. SECURING TERMINAL." 04403_ Plasma Cutter destroyed. 04406_ ALERT: Hostiles spotted, dispatching reinforcements to Terminal M009. 04414_ Signal Interpreter destroyed. 04426_ Acquired Lgt. Nuclear Core. 04426_ Mining Laser destroyed. 04428_ Slammed into S-10 Pest. 04436_ S-10 Pest destroyed. 04439_ Penetrated by Slug. 04444_ K-01 Serf cleans the Terminal. 04449_ Penetrated by Slug. 04453_ T-07 Excavator is excavating. 04464_ Atomic Centrifuge disabled. Map ----- +----------------------------------------------------+ | | | | | | | | | ?????????????????????????????????????????????????? | | ?????????????????????????????????????????????????? | | ?????????????????????????????????????????????????? | | ?????????????????????????????????????????????????? | | ?????????????????????????????????????????????????? | | ????????????????????????????####+##+#????????????? | | ????????????????????????????# ????????????? | | ????????????????????????????? #????????????? | | ????????????????????????????? "" #????????????? | | ????????????????????##???????? Y" #????????????? | | ????????????????????? ##?????? "" #????????????? | | ????????????????????## #####??? #????????????? | | ????????????????????# ??? #????????????? | | ???????????????###### #???# ??????????????? | | ???????????????? ##g#####+##??????????????? | | ###??????????????# # !g #??????????????? | | #?????????????# # g #??????????????? | | "#?????????????# # ! = ! ]#??????????????? | | T#?????###+##### # #??????????????? | | "#?????# ## # "" "" #??????????????? | | #?????# """ / /s"""s """#??????????????? | | =#?????# G" ##### #@""" S"#??????????????? | | #?????# """ #???# # s #??????????????? | | #?????# #???# ###########??????????????? | | ???????# #???# #????????????????????????? | | #############+####### #????????????????????????? | | ?????????????????????? | | ?????????????????????? | | ?????????????????????? | | ##T##########+#############??????????????????????? | | ?###?????????????????????????????????????????????? | | ?????????????????????????????????????????????????? | | ?????????????????????????????????????????????????? | | ?????????????????????????????????????????????????? | | ?????????????????????????????????????????????????? | | ?????????????????????????????????????????????????? | | ?????????????????????????????????????????????????? | | ?????????????????????????????????????????????????? | | ?????????????????????????????????????????????????? | | ?????????????????????????????????????????????????? | | ?????????????????????????????????????????????????? | | ?????????????????????????????????????????????????? | | ?????????????????????????????????????????????????? | | ?????????????????????????????????????????????????? | | ?????????????????????????????????????????????????? | | ?????????????????????????????????????????????????? | +----------------------------------------------------+ Best States ------------- Heat Dissipation 31 Energy Generation 14 Energy Capacity 265 Matter Stores 300 Matter Capacity 300 Sight Range 16 Terrain Scan Range 16 Terrain Scan Density 85 Armor Coverage 600 Weapon Shielding 66 Evasion (%) 63 Targeting Accuracy 6 Recoil Reduction 2 Offensive Hacking 10 Item Schematics ----------------- None Robot Schematics ------------------ None Fabricated ------------ Nothing Repaired ---------- Nothing Alien Tech Used ----------------- None Achievements -------------- None Challenges ------------ None Game ------ Seed TransportSpectralFilter Manual? 0 Play Time 00:30:56 Cumulative 11.8 hours Start 2025.10.08 @ 08:06:11 End 2025.10.08 @ 21:06:31 Sessions 4 Manual Loads 0 Difficulty Rogue Special Mode None Game No. 37 Rogue 37 Adventurer 0 Explorer 0 Win Type - Total 0 Types 0/0/0/0/0/0/0/0/0/0 Lore% 15 Gallery% 18 Achievement% 19 Wizard Run 0 Options --------- Layout 1 ASCII 0 Keyboard 0 Movement Numpad Keybinds 0 Fullscreen 1 Font 24/Smallcaps Map View 50x35 Zoom Use 0% Tactical HUD 1 Map Filters NONE Filters NONE Steam 1 RUN: 64725884-8f58-4cc0-aaf9-c2bef068be59